 Dungeon Crawl Stone Soup version 0.24.0-124-g2791043dd8 (webtiles) character file.

Game seed: 7017377222382071259, levelgen mode: deterministic

509 Curus the Spear-Bearer (level 6, 0/76 HPs)
             Began as a Draconian Berserker on Feb 16, 2020.
             Was a Priest of Trog.
             Slain by an orc warrior
             ... wielding a +0 halberd
              (3 damage)
             ... on level 3 of the Dungeon.
             The game lasted 00:11:33 (2858 turns).

Curus the Spear-Bearer (Draconian Berserker)        Turns: 2858, Time: 00:11:34

Health: 0/76       AC:  9    Str: 24      XL:     6   Next: 98%
Magic:  0/6        EV: 12    Int:  7 (8)  God:    Trog [***...]
Gold:   167        SH:  0    Dex: 10 (12) Spells: 5/5 levels left

rFire    + . .     SeeInvis .   a - +0 spear
rCold    . . .     Gourm    .   (no shield)
rNeg     . . .     Faith    .   (armour unavailable)
rPois    .         Spirit   +   (helmet restricted)
rElec    .         Reflect  .   j - +0 cloak
rCorr    .         Harm     .   c - +1 pair of gloves
MR       .....                  (no boots)
Stlth    ..........             k - amulet of guardian spirit
HPRegen  0.22/turn              g - ring of protection from fire
MPRegen  0.10/turn              (no ring)

@: berserking, drained, very quick
A: unfitting armour, cold-blooded, AC +6
a: Berserk, Trog's Hand, Renounce Religion


You were on level 3 of the Dungeon.
You worshipped Trog.
Trog was most pleased with you.
You were very hungry.

You visited 1 branch of the dungeon, and saw 3 of its levels.

You collected 167 gold pieces.

Inventory:

Hand Weapons
 a - a +0 spear (weapon)
Armour
 c - a +1 pair of gloves (worn)
 j - a +0 cloak (worn)
Jewellery
 g - a ring of protection from fire (left hand)
 k - an amulet of guardian spirit (around neck)
Wands
 e - a wand of enslavement (5)
Scrolls
 d - a scroll of amnesia
 f - a scroll of remove curse
Potions
 h - 2 potions of curing
Comestibles
 b - 5 rations
 i - 2 chunks of flesh


   Skills:
 - Level 3.2(2.5) Fighting
 + Level 8.0(7.2) Polearms
 - Level 2.6(2.0) Dodging


You had 5 spell levels left.
You didn't know any spells.
Your spell library was empty.

Dungeon Overview and Level Annotations

Branches:
Dungeon (3/15)

Altars:
Cheibriados
Elyvilon
Gozag
Ru


Innate Abilities, Weirdness & Mutations

Your plain brown scales are hard. (AC +6)
You cannot fit into any form of body armour.
You are cold-blooded and may be slowed by cold attacks.


Message History

Trog accepts your kill. The orc warrior closely misses you.
You closely miss the orc warrior.
Your tail-slap misses the orc warrior.
The orc warrior is lightly wounded.
The orc warrior hits you with a +0 halberd.
* * * LOW HITPOINT WARNING * * *
You puncture the orc warrior!
Your tail-slap misses the orc warrior.
The orc warrior is heavily wounded.
You barely miss the orc warrior.
The orc warrior is heavily wounded.
You hit the orc warrior but do no damage.
The orc warrior is heavily wounded.
The orc warrior hits you with a +0 halberd.
* * * LOW HITPOINT WARNING * * *
You hit the orc warrior but do no damage.
The orc warrior is heavily wounded.
You hit the orc warrior.
The orc warrior is heavily wounded.
The orc warrior hits you with a +0 halberd.
You die...

#... #. .. #...# #. .
#...# #.#. #...# #...
.#####...####
#..###.............
##..................
#..o................
#.##.#@#.#.#####...####
#...).#.#.# #.†.#
#.##.#.).#.# #.÷.#
#.##..#.# #...#
#.##..#.# ###<..#### #
#.......# #..)......
....###.######.##.##)##
#.......####...##.##.##
#...####...(...........


You could see an orc warrior.

Vanquished Creatures
  Sigmund (D:3)
  A jelly (D:2)
  An orc priest (D:3)
  2 orc wizards (D:3)
  Natasha (thrice) (D:2)
  7 adders
  An ooze (D:2)
  A worm (D:2)
  3 dart slugs
  2 leopard geckos (D:1)
  8 orcs (D:3)
  4 bats
  A giant cockroach (D:2)
  7 hobgoblins
  15 jackals
  3 quokkas
  A ball python (D:2)
  4 frilled lizards
  4 goblins
  8 kobolds
  12 rats
89 creatures vanquished.

Notes
Turn   | Place    | Note
-------+----------+-------------------------------------------
     0 | D:1      | Curus the Draconian Berserker began the quest for the Orb.
     0 | D:1      | Reached XP level 1. HP: 19/19 MP: 1/1
   171 | D:1      | Reached XP level 2. HP: 19/26 MP: 2/2
   541 | D:1      | Reached skill level 4 in Polearms
   930 | D:2      | Reached XP level 3. HP: 26/31 MP: 3/3
   955 | D:2      | Reached ** piety under Trog
  1008 | D:2      | Reached XP level 4. HP: 12/38 MP: 4/4
  1014 | D:2      | Reached skill level 5 in Polearms
  1632 | D:2      | HP: 1/57 [acid (7)]
  1966 | D:2      | Reached XP level 5. HP: 37/45 MP: 5/5
  2007 | D:2      | Noticed Natasha
  2015 | D:2      | Killed Natasha
  2015 | D:2      | Reached skill level 6 in Polearms
  2125 | D:2      | Found an opulent altar of Gozag.
  2125 | D:2      | Found a white marble altar of Elyvilon.
  2130 | D:2      | Found a sacrificial altar of Ru.
  2137 | D:2      | Found a faded altar of an unknown god.
  2139 | D:2      | Found a snail-covered altar of Cheibriados.
  2221 | D:2      | Noticed Natasha
  2233 | D:2      | Killed Natasha
  2377 | D:2      | Noticed Natasha
  2389 | D:2      | Killed Natasha
  2459 | D:3      | Noticed Sigmund
  2471 | D:3      | Killed Sigmund
  2471 | D:3      | Reached skill level 7 in Polearms
  2471 | D:3      | Reached XP level 6. HP: 51/51 MP: 6/6
  2537 | D:3      | Reached *** piety under Trog
  2828 | D:3      | Noticed an orc warrior
  2847 | D:3      | Reached skill level 8 in Polearms
  2856 | D:3      | HP: 3/76 [orc warrior/+0 halberd (3)]
  2858 | D:3      | Slain by an orc warrior

Levels and vault maps discovered:
D:1:      scummos_arrival_checkerplants, layout_loops_ring, minmay_fountain_box,
          st_stairs_14, serial_bayou_lagoon_a
D:2:      wad_lake_hut, layout_loops_ring, chequers_temple_overflow_minitemple,
          minmay_between, uniq_natasha
D:3:      layout_loops_cross, grunt_dithmenos_smoke_and_mirrors,
          minmay_pentomino_pile, uniq_sigmund

Skill      XL: |  1  2  3  4  5  6 |
---------------+-------------------+-----
Polearms       | 4 5 7 8 |  8.0
Fighting       | |  3.2
Dodging        | |  2.6

Action                   |  1- 3 |  4- 6 || total
-------------------------+-------+-------++-------
Melee: Spear             |   109 |   259 ||   368
       Tailslap          |    11 |    17 ||    28
Invok: Berserk           |     1 |     3 ||     4
  Use: Scroll            |     3 |     1 ||     4
       Potion            |       |     3 ||     3
 Stab: Sleeping          |       |     4 ||     4
  Eat: Chunk             |       |     9 ||     9
Armor: Skin              |    32 |    72 ||   104
Dodge: Dodged            |    59 |   130 ||   189
